AoeStats
← GracefulPickle

Nomad

509960413Analyzed
3v3 RM · 3d ago on Sep 28, 2026· 64m 2s· 6 players
Game mode
Random Map
Map size
210×210
Population
200
Speed
Normal
Resources
Standard
Victory
Conquest
Starting age
Dark Age
Ending age
Imperial Age
RankedLock teamsTeams togetherTeam positionsShared explorationLock speedFull tech treeHidden civsTurbo modeCheats
Victory
Defeat
🇺🇸 Dravidians · United States
1431
+13
🇺🇸 Vietnamese · United States
1403
+14
🇺🇸 Persians · United States
1386
+15
🇺🇸 Japanese · United States
1392
-15
🇺🇸 Vietnamese · United States
1390
-15
🇺🇸 Persians · United States
1313
-12
Dazzle
3:20 Loom
4:53 Loom
13:08 Feudal Age
13:16 Man-at-Arms
21:35 Castle Age
21:50 Double-Bit Axe
22:11 Fletching
22:51 Bodkin Arrow
24:59 Padded Archer Armor
26:52 Fishing Lines
27:52 Horse Collar
28:27 Bow Saw
30:09 Ballistics
30:26 Thumb Ring
32:12 Forging
33:48 Heavy Plow
36:09 Bloodlines
36:19 Husbandry
38:56 Imperial Age
36:53 Scale Barding Armor
37:33 Leather Archer Armor
38:33 Wheelbarrow
38:21 Town Watch
40:02 Bracer
39:47 Heavy Cavalry Archer
40:41 Light Cavalry
43:55 Scale Mail Armor
44:31 Iron Casting
44:51 Chain Mail Armor
44:51 Gambesons
45:10 Long Swordsman
45:58 Squires
46:10 Two-Handed Swordsman
48:27 Plate Mail Armor
51:05 Hand Cart
50:13 Elite Skirmisher
51:35 Crossbowman
51:42 Imperial Skirmisher
53:13 Ring Archer Armor
52:45 Champion
55:52 Chemistry
57:03 Pikeman
60:46 Halberdier
LiquidGoat
3:25 Loom
13:35 Feudal Age
15:59 Fletching
19:19 Castle Age
28:37 Horse Collar
34:57 Elite Skirmisher
38:04 Wheelbarrow
40:29 Bodkin Arrow
40:56 Ballistics
42:09 Padded Archer Armor
46:33 Bloodlines
48:09 Husbandry
49:37 Scale Barding Armor
49:43 Forging
55:02 Leather Archer Armor
56:16 Double-Bit Axe
56:33 Heavy Plow
58:37 Chain Barding Armor
61:07 Imperial Age
59:19 Hand Cart
58:55 Gold Mining
60:25 Iron Casting
61:18 Cavalier
63:42 Plate Barding Armor
GracefulPickle
4:11 Loom
17:31 Feudal Age
22:28 Castle Age
20:25 Fletching
20:36 Padded Archer Armor
20:24 Double-Bit Axe
21:16 Wheelbarrow
20:36 Gold Mining
20:39 Fishing Lines
22:13 Horse Collar
23:55 Bow Saw
23:51 Bodkin Arrow
26:37 Heavy Plow
35:10 Imperial Age
33:05 Leather Archer Armor
38:45 Chemistry
38:50 Two-Man Saw
37:41 Stone Mining
38:36 Hand Cart
38:06 Town Watch
39:29 Murder Holes
40:33 Bracer
45:03 Medium Warships
45:32 Ring Archer Armor
45:44 Ballistics
46:57 Crop Rotation
46:54 Siege Engineers
46:55 Gillnets
47:15 Elite Rattan Archer
49:27 Hoardings
49:29 Guard Tower
49:24 Arrowslits
52:01 Paper Money
59:46 Crossbowman
60:36 Thumb Ring
60:38 Chatras
60:12 Elite Skirmisher
60:19 Crossbowman
61:17 Imperial Skirmisher
61:21 Arbalester
63:26 Keep
MØLDAIN
5:20 Loom
12:55 Feudal Age
18:46 Castle Age
22:17 Stone Mining
22:19 Gold Mining
22:15 Double-Bit Axe
23:08 Wheelbarrow
22:45 Fletching
26:32 Bodkin Arrow
28:01 Ballistics
29:15 Horse Collar
30:11 Bow Saw
30:40 Padded Archer Armor
39:10 Leather Archer Armor
39:12 Hand Cart
43:42 Imperial Age
45:38 Chemistry
44:39 Bracer
45:10 Ring Archer Armor
49:07 Thumb Ring
48:25 Elite Skirmisher
51:38 Elite Rattan Archer
51:55 Imperial Skirmisher
57:13 Crossbowman
60:14 Paper Money
LeGoat James 12-13
3:24 Loom
38:19 Feudal Age
39:03 Double-Bit Axe
39:04 Fishing Lines
41:56 Castle Age
42:54 Bow Saw
43:38 Wheelbarrow
43:48 Gillnets
50:47 Imperial Age
48:33 Hand Cart
49:29 Town Watch
51:52 Horse Collar
52:19 Cavalier
53:10 Bloodlines
53:01 Husbandry
53:07 Scale Barding Armor
56:53 Gold Mining
56:53 Stone Mining
57:47 Chain Barding Armor
57:48 Forging
60:18 Plate Barding Armor
59:40 Savar
60:56 Iron Casting
63:07 Light Cavalry
65:09 Blast Furnace
Ck SANCTUS.ĐSY
5:27 Loom
13:35 Feudal Age
18:13 Castle Age
25:59 Double-Bit Axe
25:58 Horse Collar
26:11 Gold Mining
27:42 Bow Saw
37:36 Imperial Age
34:33 Elite Skirmisher
35:15 Padded Archer Armor
36:25 Wheelbarrow
35:42 Fletching
35:52 Scale Mail Armor
36:14 Town Watch
36:33 Bodkin Arrow
36:20 Pikeman
37:00 Squires
37:16 Leather Archer Armor
37:12 Forging
38:06 Imperial Skirmisher
38:48 Bracer
40:36 Chemistry
41:01 Ballistics
43:50 Ring Archer Armor
45:59 Thumb Ring
47:09 Conscription
47:11 Wootz Steel
47:07 Halberdier
48:55 Elite Elephant Archer
49:45 Man-at-Arms
50:11 Gambesons
51:03 Iron Casting
54:59 Long Swordsman
55:49 Two-Handed Swordsman
60:12 Hand Cart
60:13 Chain Mail Armor
63:04 Plate Mail Armor
63:35 Blast Furnace
Connection lost

Rejoining the realm…

Still unreachable

The connection could not be restored.

Session expired

The server has moved on; the page needs a fresh start.